[Event "US Masters 2022"]
[Site "Charlotte"]
[Date "2022.11.25"]
[Round "3.2"]
[White "Negi, Parimarjan"]
[Black "Korley, Kassa"]
[Result "1/2-1/2"]
[ECO "C42"]
[WhiteElo "2639"]
[BlackElo "2451"]
[Annotator "TA"]
[PlyCount "84"]
[EventDate "2022.11.23"]
[EventType "swiss"]
[EventCountry "USA"]
[SourceTitle "playchess.com"]
[Source "ChessBase"]
[SourceQuality "1"]
[TimeControl "5400+30"]

1. e4 e5 2. Nf3 Nf6 3. Nxe5 d6 4. Nf3 Nxe4 5. d4 d5 6. Bd3 Bf5 {[%emt 0:01:08] C42: Petroff Defence: 3 Nxe5 and unusual White 3rd moves.} 7. O-O Be7 8. Nc3 O-O 9. Re1 Nxc3 10. bxc3 Bxd3 11. cxd3 Nc6 12. Rb1 Rb8 13. Bf4 Bd6 14. Qd2 {[%emt 0:00:20] [#]} a6 $146 ({Predecessor:} 14... h6 15. Be5 Re8 16. Qf4 Re6 17. Qg4 Rg6 18. Qh3 b5 19. Nh4 Re6 20. f4 b4 {½-½ (45) Hansen,E (2606)-Matlakov,M (2674) Chess.com INT 2022}) 15. h4 Bxf4 16. Qxf4 b5 17. h5 Qd6 18. Qxd6 cxd6 19. h6 gxh6 20. Nh4 Rfc8 (20... Kg7 $11 {is superior.}) 21. Nf5 $14 Kf8 22. Nxd6 Rc7 23. a4 b4 {[%emt 0:07:03] The position is equal.} 24. cxb4 {[%emt 0:01:32] [#] b5 is the strong threat.} Nxd4 {[%emt 0:00:39] And now ...Rc6 would win.} 25. b5 {[%emt 0:01:47] Prevents Rc6.} axb5 (25... Rd7 $2 26. bxa6 Ra8 27. Rb6 $18) 26. Nxb5 (26. axb5 $2 {loses.} Rd7 27. Nxf7 (27. Rb4 $2 Nc2 $19) 27... Kxf7 $19) 26... Rcb7 27. Na3 Rxb1 28. Rxb1 $11 {[%emt 0:12:03][%mdl 4096] Endgame KRN-KRN} Ra8 29. Rb4 Nc6 30. Rh4 d4 31. Nc4 Rxa4 32. Rxh6 Nb4 33. Ne5 Ra3 34. Rxh7 Nxd3 35. Rxf7+ Ke8 36. Rf6 Ke7 (36... Nxe5 $5 37. Re6+ $8 Kd7 38. Rxe5 Ra1+ 39. Kh2 Kd6 $11) 37. Ng4 Ne5 {[%emt 0:00:00][%mdl 64] [#]} 38. Rf4 d3 39. Ne3 Nc6 40. Re4+ Kd7 {[%emt 0:00:12] Strongly threatening ...d2.} 41. Nc4 {[%emt 0:00:25][%cal Of2f4] Against d2. aiming for f4!} Rc3 {[%emt 0:01:15][%cal Oc3c4] Threatens to win with ...Rxc4!} ({Much less strong is} 41... Ra2 42. Kf1 $16 (42. Re3 Nb4 $18)) 42. Re3 Rxc4 {[%emt 0:00:07] Weighted Error Value: White=0.05 (flawless) /Black=0.03 (flawless)} 1/2-1/2

[Event "US Masters 2022"]
[Site "Charlotte"]
[Date "2022.11.25"]
[Round "3.3"]
[White "Naroditsky, Daniel"]
[Black "Nakar, Eylon"]
[Result "1-0"]
[ECO "C07"]
[WhiteElo "2617"]
[BlackElo "2436"]
[Annotator "TA"]
[PlyCount "81"]
[EventDate "2022.11.23"]
[EventType "swiss"]
[EventCountry "USA"]
[SourceTitle "playchess.com"]
[Source "ChessBase"]
[SourceQuality "1"]
[TimeControl "5400+30"]

1. e4 e6 2. d4 d5 3. Nd2 c5 4. Ngf3 cxd4 5. Nxd4 Nc6 6. Bb5 Bd7 7. Nxc6 bxc6 8. Bd3 Qc7 9. Qe2 {[%emt 0:01:50] C07: French Tarrasch: 3...c5, 4 Ngf3 and 4 exd5 Qxd5.} Ne7 10. O-O Ng6 11. Nf3 {[%emt 0:00:08] The position is equal.} Be7 12. c4 dxe4 13. Bxe4 f5 14. Bc2 O-O 15. Ng5 {[%emt 0:08:08] [#]} Rf6 $146 ({Predecessor:} 15... Bxg5 16. Bxg5 e5 17. Rad1 Rae8 18. h4 Rf7 19. h5 Nf8 20. Bd2 Ne6 21. Bc3 Nf4 {½-½ (30) Svanda,O (2361)-Budisavljevic,L (2516) Teplice 2022}) 16. Re1 c5 17. Nf3 h6 18. h4 Rd8 19. Qe3 (19. h5 $11 Nf4 20. Bxf4 Qxf4 21. Rad1) 19... Bd6 (19... Bc6 $5 ) 20. h5 Nf4 21. b4 {[%emt 0:06:07] [#] Strongly threatening bxc5.} Nxh5 22. Bb2 Rff8 (22... cxb4 $11 23. Be5 Bxe5 24. Nxe5 Bc6) 23. Ne5 $36 {[%emt 0:01:30][%mdl 3072] White has compensation. White has the initiative.} Bc8 24. b5 Nf6 25. Rad1 Bb7 ({Black should try} 25... Rfe8 $14) 26. Nc6 $16 Rde8 27. Be5 {[%emt 0:03:10] White is much more active.} Bxe5 28. Qxe5 Qxe5 29. Rxe5 (29. Nxe5 $16 Rd8 30. a4) 29... Bxc6 $14 30. bxc6 Rf7 31. Rde1 (31. Rxc5 $16 Rc7 32. Rd6) 31... Rc7 32. Rxe6 Rxe6 33. Rxe6 {[%emt 0:00:01][%mdl 4096] Endgame KRB-KRN} Ne4 34. f3 Ng5 35. Rg6 (35. Re5 {simplifies} Rxc6 36. Rxf5 Ne6 37. Be4) 35... Nf7 (35... f4 $11) 36. f4 (36. Bxf5 $16 {Black must now prevent f4.} Ne5 37. Re6 Nxc6 38. Be4) 36... Nd8 $11 37. Ba4 {[%emt 0:00:01] With the idea Rd6.} (37. Rd6 $5 Nxc6 38. Bxf5 $14) 37... Nf7 {[%emt 0:00:25] Inhibits Rd6.} (37... Kf7 $1 $11 {remains equal.} 38. Rd6 Ke7) 38. Re6 Kf8 39. g3 a6 40. Kf2 Ra7 $2 {[%emt 0:00:38] [#]} (40... Nd8 41. Re5 g6 42. Rxc5 Rc8) 41. Re8+ $3 {[%emt 0:00:06][%mdl 512] Weighted Error Value: White=0.15 (very precise) /Black=0.22 (precise)} 1-0

[Event "US Masters 2022"]
[Site "Charlotte"]
[Date "2022.11.24"]
[Round "3.3"]
[White "Naroditsky, Daniel"]
[Black "Grinberg, Eyal"]
[Result "*"]
[ECO "C07"]
[WhiteElo "2617"]
[BlackElo "2491"]
[Annotator "TA"]
[PlyCount "38"]
[EventDate "2022.11.23"]
[EventType "swiss"]
[EventCountry "USA"]
[SourceTitle "playchess.com"]
[Source "ChessBase"]
[SourceQuality "1"]
[TimeControl "5400+30"]

1. e4 e6 2. d4 d5 3. Nd2 c5 4. Ngf3 cxd4 5. Nxd4 Nc6 6. Bb5 Bd7 7. Nxc6 bxc6 8. Bd3 Qc7 9. Qe2 {[%emt 1:33:29] C07: French Tarrasch: 3...c5, 4 Ngf3 and 4 exd5 Qxd5.} Ne7 10. O-O Ng6 11. Nf3 {[%emt 0:00:08] White has an edge.} Be7 12. c4 dxe4 13. Bxe4 f5 14. Bc2 O-O 15. Ng5 {[%emt 0:08:08] [#]} (15. c5 {is interesting.} Rae8 16. Ng5 h6 17. Nxe6 Bxc5 18. Qe3) 15... Rf6 $146 ({Predecessor:} 15... Bxg5 16. Bxg5 e5 17. Rad1 Rae8 18. h4 Rf7 19. h5 Nf8 20. Bd2 Ne6 21. Bc3 Nf4 {½-½ (30) Svanda,O (2361)-Budisavljevic,L (2516) Teplice 2022}) 16. Re1 c5 17. Nf3 h6 (17... Bc6 $15) 18. h4 $11 Rd8 19. Qe3 (19. h5 $14 Nf4 20. Bxf4 Qxf4 21. Rad1) 19... Bd6 {[%emt 0:01:22] An uneventful encounter.   Weighted Error Value: White=0.20 (precise) /Black=0.12 (very precise)} (19... Bc6 $15 20. h5 Bxf3 21. Qxf3 Ne5) *

[Event "US Masters 2022"]
[Site "Charlotte"]
[Date "2022.11.25"]
[Round "3.4"]
[White "Ramirez, Alejandro"]
[Black "Chasin, Nico"]
[Result "1/2-1/2"]
[ECO "A11"]
[WhiteElo "2561"]
[BlackElo "2429"]
[Annotator "TA"]
[PlyCount "92"]
[EventDate "2022.11.23"]
[EventType "swiss"]
[EventCountry "USA"]
[SourceTitle "playchess.com"]
[Source "ChessBase"]
[SourceQuality "1"]
[TimeControl "5400+30"]

1. Nf3 Nf6 2. g3 d5 3. Bg2 Bg4 4. O-O Nbd7 5. c4 c6 6. cxd5 cxd5 7. Nc3 e6 8. Qb3 {[%emt 0:00:44] A11: English Opening: 1...c6.} Qb6 9. Qxb6 axb6 (9... Nxb6 {simplifies} 10. Nb5 Bxf3 11. Bxf3 Kd8) 10. Nd4 {[%emt 0:07:11] [#] White is slightly better.} Bc5 $146 ({Predecessor:} 10... Bb4 11. h3 Bh5 12. g4 Bg6 13. d3 O-O 14. f4 Bc5 15. Be3 e5 16. fxe5 Nxe5 {1-0 (53) Dastan,B (2457)-Kazakov,M (2488) Lvov 2015}) 11. Ndb5 d4 ({Black should try} 11... O-O) 12. h3 $1 $16 dxc3 13. hxg4 cxd2 14. Bxd2 (14. Bxb7 $2 dxc1=R 15. Raxc1 Ra5 $19) 14... Ra4 {[%emt 0:00:01] Prevents b4.} 15. Bxb7 {[%emt 0:07:56] This pair of bishops is nice.} (15. Rfc1 $18) 15... Rxg4 16. Kg2 Ne5 17. Bc3 Ng6 18. Kf3 (18. Kh3 $16 {Hoping for Bxf6.} h5 19. Bf3) 18... h5 $1 $14 19. e3 O-O 20. Ke2 $1 Ne4 (20... h4 $142) 21. Bxe4 $16 Rxe4 22. a3 f5 (22... Be7 $142) 23. b4 Be7 24. Rac1 h4 25. f3 (25. gxh4 {keeps more tension.} Nf4+ 26. Kf3 Nd5 27. h5) 25... Rc4 26. gxh4 Rxh4 27. Rf2 (27. f4 $16) 27... e5 28. Rg2 Kf7 29. Be1 Rh6 30. Rc7 Rd8 31. Na7 $1 Ra8 32. a4 Kf8 33. Bc3 (33. b5 $16) 33... Bf6 (33... Bd8 $11 34. Rb7 Bf6) 34. b5 (34. Nc8 Rxa4 35. Nxb6 Ra2+ 36. Kf1 Rh1+ 37. Rg1 Rxg1+ 38. Kxg1 Ke8 $11) (34. Rc8+ $14 {feels stronger.} Rxc8 35. Nxc8) 34... Ne7 (34... e4 $1 $11 35. Bxf6 exf3+ 36. Kxf3 gxf6) 35. Bb4 {[%emt 0:00:50] a5 is the strong threat. White has more active pieces.} Rh4 {[%emt 0:00:00] Inhibits a5.} 36. Bxe7+ (36. Nc6 Rxa4 $1 37. Bxe7+ Bxe7 38. Nxe5 (38. Rxe7 Ra2+ 39. Kd3 e4+ 40. fxe4 fxe4+ 41. Rxe4 Ra3+ 42. Kd4 Ra4+ 43. Kd5 Rhxe4 $17) 38... Ra2+ 39. Kd3 Rxg2 $17) 36... Bxe7 {[%emt 0:00:00] [#]} 37. a5 Ra4 {[%emt 0:00:00] And now ...Ra2+ would win.} 38. Kd3 $2 {[%emt 0:02:05] [#]} (38. axb6 $16 {and life is bright. aiming for b7.} Ra2+ 39. Ke1 (39. Kf1 Ra1+ 40. Ke2 Rd8 $11) 39... Bh4+ 40. Kd1 (40. Kf1 {gets mated.} Ra1+ 41. Ke2 Rd8 42. Rf2 Ra2+ 43. Ke1 Bxf2+ 44. Kf1 Rd1+ 45. Kg2 Bh4+) 40... Rd8+ 41. Kc1 Rxg2 42. b7) 38... e4+ $1 $17 ({Reject} 38... Rxa5 $6 39. Nc6 Ra3+ 40. Kc4 $11) 39. fxe4 fxe4+ 40. Kc3 $2 (40. Ke2 $17 Ra2+ 41. Kf1 Rxa5 42. Rf2+ Bf6 43. Rc8+ Rxc8 44. Nxc8) 40... Rxa5 $2 (40... Bf6+ $19 41. Kb3 Rxa5 42. Rc8+ Rxc8 43. Nxc8 Rxb5+ 44. Ka3 Rg5) 41. Rxe7 $11 {[%emt 0:00:20][%mdl 64] Decoy. The position is equal.} Kxe7 $19 {[%emt 0:00:00] KRR-KRN} 42. Nc6+ Kf6 43. Rf2+ Ke6 44. Nxa5 Rxa5 45. Rg2 Rxb5 {[%emt 0:01:40] White must now prevent ...Kf6.} 46. Rxg7 Rd5 {[%emt 0:00:16] Quite a comeback for White.   Weighted Error Value: White=0.24 (precise) /Black=0.25 (precise)} 1/2-1/2

[Event "US Masters 2022"]
[Site "Charlotte"]
[Date "2022.11.24"]
[Round "3.5"]
[White "Cruz, Cristhian"]
[Black "Hilby, Craig"]
[Result "1/2-1/2"]
[ECO "D01"]
[WhiteElo "2552"]
[BlackElo "2411"]
[Annotator "TA"]
[PlyCount "33"]
[EventDate "2022.11.23"]
[EventType "swiss"]
[EventCountry "USA"]
[SourceTitle "playchess.com"]
[Source "ChessBase"]
[SourceQuality "1"]
[TimeControl "5400+30"]

1. d4 d5 2. Nc3 Nf6 3. Bf4 g6 4. Qd2 Bg7 5. Bh6 O-O {[%emt 0:00:07] The position is equal.} 6. Bxg7 {[%emt 0:00:58] D01: Veresov Opening.} Kxg7 7. e3 c5 8. dxc5 Qa5 9. Ne4 Qxd2+ 10. Nxd2 Bf5 {[%emt 0:00:09] [#] An uneventful encounter.   Weighted Error Value: White=0.01 (flawless) /Black=0.01 (flawless)} {Predecessor:} 11. Bd3 $146 Nbd7 12. Nb3 Rfc8 13. Bxf5 gxf5 14. Nd4 e6 15. b4 a5 16. c3 axb4 17. cxb4 {0-1 (60) Kovalev,V (2546)-Karjakin,S (2762) Berlin 2015} 1/2-1/2

[Event "US Masters 2022"]
[Site "Charlotte"]
[Date "2022.11.25"]
[Round "3.6"]
[White "Hambleton, Aman"]
[Black "Ouellet, Maili-Jade"]
[Result "1-0"]
[ECO "D36"]
[WhiteElo "2437"]
[BlackElo "2204"]
[Annotator "TA"]
[PlyCount "129"]
[EventDate "2022.11.23"]
[EventType "swiss"]
[EventCountry "USA"]
[SourceTitle "playchess.com"]
[Source "ChessBase"]
[SourceQuality "1"]
[TimeControl "5400+30"]

1. d4 d5 2. c4 e6 3. Nc3 Nf6 4. cxd5 exd5 5. Bg5 Be7 6. e3 c6 7. Bd3 Nbd7 8. Nge2 O-O 9. Qc2 Re8 10. O-O Nf8 11. f3 Be6 {[%emt 0:00:06] 11...Be6 has lost popularity.} 12. Bh4 {[%emt 0:01:50] D36: Queen's Gambit Declined: Exchange Variation: Main line (5 Bg5 c6 6 Qc2).} Rc8 13. Bf2 c5 14. Qd2 {[%emt 0:00:52] White has an edge.} Ng6 15. Rad1 a6 {[%emt 0:02:47] [#]} 16. Bb1 $146 ({Predecessor:} 16. g4 Bd6 17. h3 cxd4 18. exd4 Qc7 19. Be3 Qe7 20. Kf2 Bxg4 21. Bxg6 Bxh3 22. Bg5 Bxf1 23. Bxh7+ Kxh7 24. Rxf1 {0-1 (45) Dearing,E (2295)-Trifunovic,A (2262) Witley 1999}) 16... b5 17. dxc5 Bxc5 18. Bxg6 hxg6 19. Nd4 Qc7 20. Nce2 (20. Nxe6 {simplifies} fxe6 21. Bg3 Qa7 22. Rfe1) 20... g5 21. Rc1 {[%emt 0:01:16] Strongly threatening Nxe6.} (21. Nxe6 {simplifies} fxe6 22. h3 Bd6 23. Rc1) 21... Qb8 22. h3 Bd7 23. Rc2 Bd6 24. Rxc8 Rxc8 25. Rc1 b4 26. Rxc8+ Qxc8 27. Bg3 Qc7 28. Bxd6 Qxd6 29. Nc1 Qc7 30. Nd3 (30. Qc2 {keeps more tension.} Qg3 31. Nd3 a5 32. Kh1) 30... a5 31. Qc1 $36 {[%emt 0:00:52][%mdl 2048] White is more active.} Qb6 {[%emt 0:15:18] Black is on the road to losing.} (31... Qg3 $1 $14) 32. Kf2 (32. Qc5 $142 Qxc5 33. Nxc5) 32... Qa6 33. Qc2 Be8 34. Nc5 Qa7 35. Ncb3 {[%emt 0:00:32] White is more active. Pair of Knights!} Qb6 36. Qc5 Qxc5 37. Nxc5 Nd7 38. Nxd7 Bxd7 $18 {[%emt 0:00:06][%mdl 4096] Endgame [#] KB-KN} 39. Nb3 $1 a4 40. Nd4 Kf8 {[%emt 0:01:23] [#]} 41. Nc2 $1 b3 $2 (41... Bb5 {was called for.} 42. Nxb4 Bc4) 42. axb3 axb3 43. Nd4 Ba4 44. Ke2 Ke7 45. Kd2 Kf6 (45... Bd7 $142 46. Kc3 (46. Nxb3 Bb5 $16) 46... Kd6) 46. Kc3 Ke5 47. Kb4 {[%emt 0:00:31] Prevents f5.} (47. Nxb3 Bb5 $16) 47... Bd7 48. Nxb3 {[%emt 0:00:33] Threatens to win with Kc5.} ({Less strong is} 48. Kxb3 f5 49. Kc3 Kd6 $18) 48... Bc8 $2 (48... Kd6 {is a better defense.} 49. Ka5 Kc7) 49. Nc5 f5 $2 (49... d4 50. Nd3+ Kd6) 50. Nd3+ Kd6 51. Kc3 Ba6 52. Kd4 Bc8 53. b3 Ba6 54. g3 Bb5 55. h4 gxh4 56. gxh4 Ba6 57. Nf4 Bf1 58. Nh5 Be2 59. Nxg7 {[%emt 0:00:23] White mates.} Bxf3 60. Nxf5+ Ke6 61. Ng3 Bd1 62. b4 Ba4 63. Ne2 Kd6 64. Nf4 Bc6 65. h5 {[%emt 0:00:11] Weighted Error Value: White=0.09 (flawless) /Black=0.46} 1-0

[Event "US Masters 2022"]
[Site "Charlotte"]
[Date "2022.11.25"]
[Round "3.7"]
[White "Mardov, Dimitar"]
[Black "Schitco, Ivan"]
[Result "1/2-1/2"]
[ECO "C50"]
[WhiteElo "2432"]
[BlackElo "2532"]
[Annotator "TA"]
[PlyCount "91"]
[EventDate "2022.11.23"]
[EventType "swiss"]
[EventCountry "USA"]
[SourceTitle "playchess.com"]
[Source "ChessBase"]
[SourceQuality "1"]
[TimeControl "5400+30"]

1. e4 e5 2. Nf3 Nc6 3. Bc4 Bc5 4. O-O Nf6 5. d3 d6 6. a4 a5 {[%emt 0:03:01] C50: Hungarian Defence and Giuoco Pianissimo.} 7. h3 Be6 8. Nbd2 O-O 9. Re1 Re8 10. Bb5 Bd7 11. c3 h6 12. Nf1 {[%emt 0:04:43] [#]} Bb6 $146 ({Predecessor:} 12... Ne7 13. Bxd7 Nxd7 14. Ng3 c6 15. Nh4 Nf8 16. Qg4 Neg6 17. Nhf5 Nh7 18. h4 d5 {0-1 (53) Gajcin,M (2244)-Heinemann,J (2321) Prague 2022}) 13. Ng3 Ne7 14. Bc4 (14. d4 $5 ) 14... Ng6 15. d4 Qe7 ({Black should try} 15... d5 $11 16. exd5 exd4) 16. Be3 exd4 17. Bxd4 Bxd4 18. Nxd4 Qf8 19. Qd2 Re7 20. Bb3 Rae8 21. Bc2 Ne5 (21... d5 $11 {keeps the balance.}) 22. Ngf5 $16 Bxf5 23. Nxf5 Rd7 24. Bb3 {[%emt 0:03:40] Against d5} (24. f4 $16 Nc6 25. Qf2) 24... g6 $11 25. Ng3 Rde7 26. Re2 Ned7 27. Rae1 h5 28. Qg5 {[%emt 0:02:03][%csl LRa5,LRg6] Against h4} Qg7 29. Qxa5 h4 $1 30. Nf1 Ne5 $1 31. Bc2 {[%emt 0:02:38] Prevents Nd3. White wants to play f4.} (31. Re3 $5 ) 31... Nh5 {[%emt 0:03:10] Against f4} 32. Ne3 Nf4 {[%emt 0:00:29] [#] Against Nd5} (32... c6 $11) 33. Nd5 $1 $36 {[%emt 0:00:52][%mdl 2048] Black is under strong pressure.} b6 {[%emt 0:07:18] [#]} (33... Qh6 34. Nxf4) 34. Qb5 g5 {[%emt 0:03:43] [#]} 35. f3 Nxd5 36. exd5 Qf6 37. Re4 {[%emt 0:00:35] Prevents Qf4.} (37. b4 {seems wilder.} Qf4 38. Rf1 Kf8 39. a5) 37... Kg7 38. Qf1 {[%emt 0:01:38] White is more active.} Nd7 39. Rxe7 Rxe7 40. Rxe7 Qxe7 {[%emt 0:00:01][%mdl 4096] Endgame KQB-KQN} 41. Qf2 {[%emt 0:00:45] Against Qe3. aiming for Qd4+.} Nf6 42. Qd4 {[%emt 0:01:38] Kf2 is the strong threat.} Qe1+ {[%emt 0:02:32] The position is equal.} 43. Kh2 Qg3+ 44. Kg1 $1 {[%emt 0:00:05] Black must now prevent Kf1.} Qe1+ 45. Kh2 Qg3+ 46. Kg1 {[%emt 0:00:05] Weighted Error Value: White=0.14 (very precise) /Black=0.14 (very precise)} 1/2-1/2

[Event "US Masters 2022"]
[Site "Charlotte"]
[Date "2022.11.25"]
[Round "3.8"]
[White "Stremavicius, Titas"]
[Black "Sargsyan, Anna M."]
[Result "1/2-1/2"]
[ECO "A14"]
[WhiteElo "2527"]
[BlackElo "2384"]
[Annotator "TA"]
[PlyCount "96"]
[EventDate "2022.11.23"]
[EventType "swiss"]
[EventCountry "USA"]
[SourceTitle "playchess.com"]
[Source "ChessBase"]
[SourceQuality "1"]
[TimeControl "5400+30"]

1. c4 e6 2. g3 Nf6 3. Bg2 d5 4. Nf3 Be7 5. O-O O-O 6. b3 d4 7. e3 c5 8. exd4 cxd4 9. d3 Nc6 10. Re1 Nd7 11. Ba3 $1 {[%emt 0:02:30][%mdl 4] now scores much better than the old 11.Na3. A14: English Opening: 1...e6 with b3 by White.} Bxa3 12. Nxa3 e5 13. Nc2 (13. Rc1 $14 {is superior.}) 13... a5 $11 14. a3 {[%emt 0:00:14] [#]} f5 $146 (14... f6 $11) ({Predecessor:} 14... Re8 15. Nd2 Nc5 16. Bxc6 bxc6 17. Qf3 Qg5 18. Ne4 Nxe4 19. Qxe4 Bd7 {½-½ (33) Campos,M (2159)-Ortiz,A (1901) Buenos Aires 2022}) 15. b4 $16 Qf6 16. h4 Nd8 17. Qd2 (17. Qe2 {with more complications.} f4 18. Ng5 h6 19. Bd5+) 17... a4 (17... axb4 $11 {keeps the balance.} 18. axb4 Rxa1 19. Nxa1 (19. Rxa1 f4 $11) 19... f4) 18. Re2 h6 19. Rae1 Nf7 20. h5 {[%emt 0:00:51] Inhibits Qg6.} (20. b5 $18) 20... Ra6 (20... Rd8 $16 21. b5 e4) 21. b5 $18 Rd6 22. Nb4 $1 {[%emt 0:00:33] Prevents e4.} Qd8 23. Nd5 {[%emt 0:08:32] Prevents Rf6.} Kh7 24. Qd1 (24. Nh4 $1 $18) 24... b6 $16 25. Nh4 {[%emt 0:02:52] And now f4 would win. White has more active pieces.} (25. Qxa4 Bb7) 25... Nc5 (25... Qg5 $16 {was called for.} 26. Nxf5 (26. Qxa4 Nc5 $16) 26... Rxd5) 26. Ng6 $18 Rxg6 27. hxg6+ Kxg6 28. f4 exf4 $2 (28... Be6 29. fxe5 Bxd5) 29. gxf4 (29. Nxf4+ $142 Kh7 30. Re7) 29... Qh4 $2 (29... Kh7 30. Re7 Qd6) 30. Rf1 (30. Nxb6 Qxf4 31. Rf1 (31. Nxa4 Nxa4 32. Qxa4 Ng5 $11) 31... Qg5 32. Nxa4 Ne6 $18) 30... Qd8 31. Qa1 Nb3 32. Qe1 Kh7 33. Re7 Qd6 34. Ra7 (34. Qg3 Nc5 35. Rf2 Be6 $18) 34... Be6 35. Nxb6 (35. Rxa4 Nc5 36. Ra7 Bxd5 37. Bxd5 (37. cxd5 Kg8 $16) 37... Qg6+ 38. Kh1 Qh5+ 39. Kg2 Nd6 $16) 35... Re8 $2 (35... Qxb6 $2 36. Ra6 (36. Rxa4 $2 Nc5 $19) 36... Qd8 37. Qxe6 $18) (35... Nc5 36. Nd5 (36. Nxa4 Nxd3 37. c5 Nxc5 $16) 36... Nxd3) 36. Nd5 Nc5 37. Qg3 Bxd5 38. Bxd5 (38. cxd5 Kg8 $16) 38... Ng5 39. Qg2 Re3 40. Ra8 $2 (40. Bf7 Re7 41. fxg5 Rxa7 42. g6+ Kh8 43. Re1) 40... Nge6 {[%emt 0:00:23] [#]} 41. Rf3 $1 {[%emt 0:07:33] aiming for Rg3.} Nxd3 $2 {[%emt 0:02:05] [#]} (41... Re1+ 42. Kh2 Qe7) 42. Rxe3 $2 (42. Rxa4 $2 Nexf4 43. Ra8 Nxg2 $19) ({White has to play} 42. Ra6 $1 $18 Qf8 43. Rxe6 (43. Bxe6 Ne1 $11) 43... Re1+ 44. Rxe1 Nxe1 45. Qh3 Nxf3+ 46. Qxf3) 42... dxe3 $11 {[%emt 0:00:03] The position is equal.} 43. Qh3 (43. Rxa4 $2 {too greedy.} Nexf4 $19) (43. Ra6 $5 e2 $8 44. Qxe2 (44. Rxd6 e1=Q+ 45. Qf1 Qe3+ 46. Kh2 Nexf4 $15) 44... Qc5+ 45. Kh1 Nf2+ 46. Kh2 Ng4+ 47. Kh1 Nf2+ 48. Kh2 Ng4+ 49. Kh1 Nf2+ $11) 43... Qxf4 {[%emt 0:01:49] ( -> ...e2)} 44. Bxe6 {[%emt 0:00:01] Dancing on a razor blade.} Qf2+ 45. Kh1 Qe1+ 46. Kh2 Qf2+ 47. Kh1 (47. Qg2 $5 Qh4+ $8 48. Qh3 (48. Kg1 Qe1+ 49. Qf1 Qg3+ 50. Qg2 Qe1+ 51. Qf1 Qg3+ 52. Qg2 Qe1+ $11) 48... Qf2+ 49. Qg2 Qh4+ 50. Qh3 (50. Kg1 Qe1+ 51. Qf1 Qg3+ 52. Qg2 Qe1+ 53. Qf1 Qg3+ 54. Qg2 Qe1+ $11) 50... Qf2+ $11) 47... Qe1+ 48. Kh2 Qf2+ {[%emt 0:00:01] Black defended with fortune.   Weighted Error Value: White=0.64/Black=0.63} 1/2-1/2

[Event "US Masters 2022"]
[Site "Charlotte"]
[Date "2022.11.25"]
[Round "3.9"]
[White "Bodek, Michael"]
[Black "Macieja, Bartlomiej"]
[Result "1/2-1/2"]
[ECO "B72"]
[WhiteElo "2427"]
[BlackElo "2514"]
[Annotator "TA"]
[PlyCount "82"]
[EventDate "2022.11.23"]
[EventType "swiss"]
[EventCountry "USA"]
[SourceTitle "playchess.com"]
[Source "ChessBase"]
[SourceQuality "1"]
[TimeControl "5400+30"]

1. e4 c5 2. Nf3 Nc6 3. Nc3 g6 4. d4 cxd4 5. Nxd4 Bg7 6. Be3 Nf6 7. Bc4 O-O 8. Bb3 d6 9. h3 Na5 {[%emt 0:00:15][%cal Bc6a5,Ba5c4,Bc4b2][%mdl 32] is the new trend.} 10. O-O b6 11. Qd3 Bb7 {[%emt 0:00:55] B72: Sicilian Dragon: 6 Be3, lines with h3+Bc4 and sidelines.} 12. Rad1 Rc8 {[%emt 0:13:14] [#]} 13. f3 $146 ({Predecessor:} 13. Nde2 Nd7 14. Bd4 Ne5 15. Qg3 Nac6 16. Be3 Ba6 17. Rfe1 Nc4 18. Bc1 Kh8 19. f4 {0-1 (50) Steel,H (2414)-Motylev,A (2658) Fufeng 2017}) 13... Qc7 14. Rf2 Nc4 15. Ndb5 Nxb2 $1 16. Nxc7 Nxd3 17. cxd3 {[%emt 0:00:34] [#] Black must now prevent N3d5.} Rxc7 18. Nb5 Rd7 19. Nxa7 Bxe4 20. dxe4 {[%emt 0:03:06] And now Nc6 would win.} ({Much worse is} 20. Bxb6 Bd5 21. Bc4 Ra8 $17) 20... Rxa7 21. Bxb6 {[%emt 0:00:12] This pair of bishops is nice.} Ra6 22. Be3 Rc8 23. Rc1 Rxc1+ 24. Bxc1 Nd7 {[%emt 0:00:13] [#] ...Bd4 is the strong threat.} 25. Be3 {[%emt 0:00:41] Inhibits Bd4.} Nc5 26. Rc2 h5 27. Bc4 Ra3 28. Bf2 Nd3 29. Bxd3 Rxd3 $11 {[%emt 0:00:03][%mdl 4096] Endgame KRB-KRB} 30. Kf1 f5 31. Ke2 fxe4 32. fxe4 {[%emt 0:00:05] The position is equal.} Ra3 33. Be3 $1 Ra4 34. Kd3 Ra3+ 35. Ke2 Kf7 36. Bc1 $1 Ra4 37. Kd3 Ke6 38. a3 $1 Rd4+ 39. Ke3 {[%emt 0:00:12] aiming for Bb2.} Ra4 40. Kd3 $1 Rd4+ 41. Ke3 {[%emt 0:00:04] Threatens to win with Bb2.} Ra4 {[%emt 0:00:24] An even fight not without its subleties.   Weighted Error Value: White=0.02 (flawless) /Black=0.04 (flawless)} 1/2-1/2